Map: Ascension to Aiur LE

Players

Bly

  • Race: Zerg Zerg
  • League: Master
  • Spawn Location: 5:00

LiquidMaNa (MaNa) - Winner!

  • Race: Protoss Protoss
  • League: Grandmaster
  • Spawn Location: 11:00

VOD

Have the link to the VOD?

Description

Time

  • Played on: Dec. 6, 2017, 2:13 p.m.
  • Length: 24:50
Show
View Real Time Build Order
Export as new Build Order

Bly Zerg 

Build Orders: Hatch First, Brood Lord Corruptor 

Get SALT Encoding   

  12  0:01  Drone  
  13  0:12  Overlord  
  13  0:17  Drone  
  14  0:31  Drone x2  
  14  0:35  Drone  
  17  0:52  Hatchery  
  17  0:56  Drone  
  17  0:58  Drone  
  18  1:07  Extractor  
  17  1:16  Spawning Pool  
  17  1:18  Drone  
  17  1:21  Drone  
  18  1:32  Drone  
  19  1:46  Overlord  
  19  2:02  Queen  
  19  2:03  Zergling x2  
  19  2:04  Queen  
  19  2:05  Zergling x2  
  19  2:06  Metabolic Boost  
  25  2:10  Zergling x2  
  25  2:14  Drone  
  27  2:18  Drone  
  28  2:28  Drone  
  28  2:29  Drone  
  30  2:35  Drone  
  30  2:36  Drone  
  32  2:43  Drone  
  33  2:52  Hatchery  
  33  2:54  Overlord  
  32  3:02  Drone x2  
  33  3:07  Queen  
  35  3:13  Drone  
  35  3:14  Drone x3  
  35  3:19  Overlord  
  39  3:25  Drone x3  
  42  3:27  Drone  
  42  3:32  Overlord  
  42  3:34  Overlord  
  42  3:41  Drone  
  43  3:52  Overlord  
  43  3:53  Drone x4  
  43  3:54  Drone x2  
  49  3:58  Drone  
  50  4:03  Queen  
  50  4:04  Queen  
  50  4:07  Queen  
  56  4:10  Overlord  
  57  4:24  Zergling x18  
  65  4:35  Overlord  
  66  4:38  Drone x3  
  66  4:39  Drone x2  
  66  4:45  Overlord  
  70  4:48  Overlord  
  70  4:50  Drone  
  70  4:52  Overlord  
  71  5:00  Extractor  
  71  5:02  Lair  
  71  5:04  Drone x3  
  71  5:05  Spore Crawler  
  71  5:06  Spore Crawler x2  
  70  5:07  Hatchery  
  70  5:09  Overlord  
  69  5:15  Overlord  
  69  5:18  Zergling x2  
  69  5:19  Zergling x10  
  74  5:26  Zergling x2, Baneling Nest  
  73  5:33  Zergling x8  
  77  5:40  Zergling x14  
  81  5:49  Zergling x6  
  79  6:00  Zergling x6  
  79  6:02  Zergling x2  
  62  6:12  Drone x7  
  68  6:21  Drone x3  
  68  6:22  Drone  
  68  6:25  Drone x2  
  74  6:28  Extractor x2  
  74  6:29  Hydralisk Den  
  74  6:31  Extractor  
  74  6:32  Drone x2  
  72  6:47  Overlord  
  72  6:48  Drone x9  
  78  7:06  Drone x10, Extractor  
  84  7:23  Spore Crawler  
  84  7:24  Drone x2  
  84  7:25  Drone x3  
  84  7:26  Drone  
  84  7:27  Muscular Augments  
  89  7:30  Centrifical Hooks, Evolution Chamber  
  89  7:32  Overlord  
  89  7:36  Zergling x12  
  89  7:37  Zergling x10  
  98  7:42  Baneling  
  98  7:43  Baneling x6  
  97  7:54  Zergling x2  
  97  7:55  Zergling x24  
  110  7:59  Hatchery, Zerg Melee Weapons Level 1  
  106  8:07  Hydralisk  
  106  8:08  Hydralisk x6  
  117  8:14  Overlord  
  117  8:16  Baneling x2  
  105  8:39  Hydralisk  
  105  8:40  Hydralisk x10  
  127  8:54  Drone x4  
  131  9:03  Hydralisk x8  
  131  9:05  Overlord x2  
  147  9:15  Infestation Pit  
  146  9:28  Drone x3  
  146  9:29  Drone x6  
  148  9:31  Extractor  
  148  9:32  Extractor  
  148  9:37  Hydralisk x9  
  161  9:43  Overlord x2  
  161  9:44  Overlord  
  157  10:01  Overseer  
  157  10:02  Overseer  
  157  10:03  Hive  
  157  10:06  Spire  
  156  10:11  Spine Crawler  
  156  10:12  Spine Crawler, Drone x3  
  156  10:13  Spine Crawler  
  156  10:15  Zergling x34  
  156  10:21  Zerg Melee Weapons Level 2  
  172  10:26  Spine Crawler  
  171  10:38  Zergling x30  
  184  11:03  Baneling x8  
  184  11:08  Drone x2, Extractor x2  
  184  11:13  Baneling x3  
  184  11:14  Baneling  
  171  11:20  Hatchery, Greater Spire  
  162  11:45  Corruptor  
  162  11:46  Corruptor x15  
  187  11:47  Overlord  
  187  11:56  Spore Crawler  
  187  11:59  Spine Crawler  
  185  12:12  Overlord  
  185  12:13  Overlord  
  181  12:25  Baneling x9  
  181  12:26  Baneling  
  179  12:50  Brood Lord x9  
  197  12:51  Overseer  
  197  13:16  Zerg Flyer Armor Level 1  
  197  13:19  Zerg Missile Weapons Level 1  
  197  13:20  Evolution Chamber  
  197  13:25  Viper  
  180  13:50  Corruptor x10  
  188  14:14  Corruptor x5  
  198  14:20  Zerg Melee Weapons Level 3  
  195  14:36  Drone x5  
  196  14:53  Spore Crawler x2  
  196  14:54  Spore Crawler  
  162  15:22  Hydralisk  
  162  15:23  Hydralisk x14  
  192  15:30  Zerg Missile Weapons Level 2  
  192  15:55  Overseer  
  151  16:17  Brood Lord x6  
  151  16:18  Brood Lord, Hydralisk x18  
  159  16:21  Brood Lord  
  197  16:28  Corruptor  
  191  16:37  Corruptor x7  
  155  16:53  Hydralisk x2  
  155  16:54  Hydralisk x8  
  151  17:03  Zergling x14  
  152  17:11  Zergling x4  
  154  17:16  Brood Lord x3  
  154  17:17  Brood Lord  
  154  17:20  Brood Lord  
  165  17:22  Zergling x2  
  165  17:23  Zergling x6  
  165  17:27  Queen  
  170  17:35  Zergling x6  
  170  17:36  Zergling x10  
  178  17:44  Zergling x8  
  178  17:45  Zergling x4  
  183  17:51  Baneling x10  
  183  17:52  Baneling x2  
  183  17:57  Zerg Missile Weapons Level 3  
  182  17:59  Zerg Ground Armor Level 1  
  179  18:14  Corruptor x4  
  179  18:17  Zerg Flyer Armor Level 2  
  146  18:46  Hydralisk x3  
  146  18:47  Hydralisk x9  
  140  18:57  Zergling x12  
  139  19:11  Ultralisk Cavern  
  138  19:32  Zergling x18  
  138  19:34  Adrenal Glands  
  146  19:44  Brood Lord x2  
  146  19:45  Brood Lord x3  
  156  20:00  Chitinous Plating  
  154  20:08  Ultralisk x3  
  154  20:09  Ultralisk  
  154  20:11  Baneling x7  
  178  20:23  Corruptor x2  
  178  20:24  Corruptor  
  175  20:42  Ultralisk x2  
  155  20:51  Ultralisk  
  161  21:03  Extractor x2, Ultralisk  
  165  21:05  Zergling x24  
  165  21:11  Zerg Ground Armor Level 2  
  177  21:29  Baneling x7  
  177  21:30  Baneling x2  
  163  22:01  Ultralisk x2  
  175  22:03  Corruptor, Hatchery  
  175  22:06  Corruptor  
  178  22:08  Zergling x6  
  178  22:09  Zergling x12  
  178  22:14  Hatchery  
  186  22:18  Queen  
  187  22:36  Corruptor  
  187  22:37  Corruptor x2  
  181  22:49  Zerg Flyer Weapons Level 1  
  181  23:12  Viper  
  150  23:45  Corruptor x6  
  113  24:10  Corruptor x2  
  113  24:11  Queen x2  
  113  24:14  Zergling x2  
  113  24:15  Zergling x24  
Show
View Real Time Build Order
Export as new Build Order

LiquidMaNa Protoss - Winner!

Build Orders: 1 Gate Expand, Oracle Opening, Phoenix Opening, Archon Immortal, Carriers, Zealot Archon 

Get SALT Encoding   

  12  0:00  Probe  
  13  0:12  Probe  
  14  0:18  Pylon  
  14  0:24  Probe (Chrono Boost)  
  15  0:36  Probe (Chrono Boost)  
  17  0:43  Gateway  
  17  0:46  Probe (Chrono Boost)  
  17  0:49  Assimilator  
  17  0:51  Probe  
  18  1:03  Probe (Chrono Boost)  
  20  1:14  Probe (Chrono Boost)  
  20  1:27  Nexus  
  20  1:36  Cybernetics Core  
  20  1:40  Probe  
  21  1:47  Assimilator  
  21  1:52  Probe  
  22  1:56  Pylon  
  22  2:04  Probe (Chrono Boost)  
  23  2:14  Adept  
  26  2:18  Stargate, Probe (Chrono Boost)  
  26  2:22  Probe  
  27  2:25  Warp Gate  
  27  2:34  Probe  
  28  2:39  Probe  
  28  2:41  Adept  
  31  2:48  Probe (Chrono Boost)  
  31  2:51  Probe (Chrono Boost)  
  32  3:02  Phoenix  
  32  3:03  Probe (Chrono Boost)  
  36  3:06  Probe x2 (Chrono Boost)  
  36  3:10  Probe  
  38  3:20  Gateway, Probe  
  38  3:23  Gateway  
  38  3:25  Adept  
  41  3:30  Probe  
  41  3:33  Probe  
  43  3:36  Pylon  
  46  3:46  Oracle  
  46  3:49  Twilight Council  
  46  3:54  Probe  
  47  3:56  Probe  
  47  4:02  Assimilator  
  48  4:06  Probe  
  48  4:08  Probe  
  50  4:11  Pylon  
  50  4:18  Probe  
  50  4:20  Probe  
  52  4:27  Resonating Glaives (Chrono Boost)  
  52  4:30  Probe, Adept x3  
  59  4:33  Probe  
  59  4:36  Pylon  
  60  4:40  Pylon  
  60  4:42  Probe  
  61  4:50  Nexus  
  61  4:56  Adept x2  
  61  4:57  Adept  
  68  5:00  Probe  
  68  5:01  Probe  
  69  5:07  Assimilator  
  69  5:19  Adept x3  
  75  5:23  Probe x2  
  75  5:27  Shield Battery  
  76  5:38  Robotics Facility  
  76  5:40  Adept  
  78  5:44  Pylon  
  78  5:46  Pylon  
  78  5:48  Forge, Shield Battery  
  78  5:54  Probe x2  
  78  6:03  Probe  
  77  6:06  Probe x2  
  63  6:13  Templar Archives  
  63  6:15  Probe  
  63  6:18  Probe x2  
  66  6:19  Gateway  
  66  6:20  Sentry, Gateway  
  66  6:21  Sentry x2  
  68  6:26  Protoss Ground Weapons Level 1 (Chrono Boost)  
  68  6:27  Probe  
  68  6:30  Probe x2  
  68  6:31  Observer  
  72  6:39  Probe  
  73  6:41  Assimilator  
  73  6:42  Probe x2  
  73  6:43  Assimilator  
  75  6:50  Adept  
  75  6:51  High Templar x2  
  75  6:52  Warp Prism  
  83  6:55  Probe x2  
  84  7:05  Archon  
  84  7:07  Probe x2  
  83  7:18  Charge  
  83  7:19  Gateway  
  83  7:20  Gateway  
  83  7:21  High Templar x2  
  83  7:22  Gateway  
  87  7:23  Psionic Storm, Probe  
  87  7:24  Probe x2  
  87  7:25  Archon  
  90  7:31  Immortal  
  90  7:34  Adept  
  90  7:35  Adept  
  90  7:36  Probe x2  
  100  7:42  Zealot  
  100  7:48  Pylon  
  100  7:49  Pylon  
  100  7:53  Pylon  
  100  7:55  Pylon  
  100  7:58  Pylon, Protoss Ground Weapons Level 2 (Chrono Boost)  
  100  8:01  Adept  
  100  8:09  Zealot x4  
  108  8:17  Nexus  
  108  8:19  Pylon  
  108  8:23  Probe  
  105  8:28  Immortal (Chrono Boost)  
  105  8:30  High Templar x3  
  111  8:46  Gateway, High Templar x2  
  111  8:47  Gateway  
  115  8:49  Photon Cannon  
  115  8:52  Photon Cannon  
  115  8:53  Shield Battery  
  115  8:55  Photon Cannon  
  115  8:57  Immortal, Shield Battery  
  119  9:09  Zealot x3  
  125  9:10  Zealot  
  125  9:11  Zealot  
  129  9:22  Zealot x2  
  133  9:30  Probe  
  134  9:36  High Templar x3  
  134  9:37  High Templar  
  142  9:38  Zealot  
  142  9:39  Immortal  
  142  9:45  Archon x2  
  148  9:50  Zealot x2  
  148  9:51  Zealot  
  148  9:53  Zealot  
  146  10:01  Probe x2  
  146  10:02  Probe  
  149  10:07  Assimilator  
  149  10:10  Protoss Ground Weapons Level 3 (Chrono Boost)  
  149  10:12  Assimilator  
  149  10:13  Observer  
  149  10:17  Zealot x2, High Templar x2  
  149  10:18  Immortal  
  149  10:20  Pylon  
  155  10:22  Pylon  
  155  10:28  Pylon  
  155  10:34  Fleet Beacon  
  153  10:36  Pylon  
  153  10:37  Zealot x4  
  159  10:51  Shield Battery  
  159  10:54  Shield Battery  
  159  10:57  Shield Battery  
  159  10:58  Shield Battery  
  159  11:01  Shield Battery, Protoss Air Weapons Level 1 (Chrono Boost)  
  159  11:08  Stargate  
  159  11:09  Stargate  
  157  11:11  Stalker  
  157  11:12  Stalker x3  
  165  11:20  Zealot x4  
  169  11:27  Carrier (Chrono Boost)  
  175  11:33  Probe x3  
  170  11:40  Probe  
  170  11:45  Probe x3  
  170  11:47  High Templar x4  
  173  11:52  Probe  
  180  11:58  Carrier (Chrono Boost)  
  186  12:15  Carrier (Chrono Boost)  
  186  12:17  Graviton Catapult  
  186  12:19  Nexus  
  192  12:23  Pylon  
  192  12:28  Observer  
  193  12:30  Pylon  
  193  12:32  Archon x2  
  193  12:35  Carrier (Chrono Boost), Pylon  
  193  12:50  Shield Battery  
  189  12:53  Shield Battery  
  189  12:54  Shield Battery  
  189  12:59  Photon Cannon  
  189  13:00  Shield Battery  
  189  13:04  Carrier (Chrono Boost)  
  189  13:05  Warp Prism  
  196  13:13  Protoss Ground Armor Level 1  
  180  13:42  Probe x2 (Chrono Boost)  
  180  13:43  Probe (Chrono Boost)  
  180  13:44  Zealot x10  
  195  13:49  Probe (Chrono Boost)  
  195  13:54  Probe x2 (Chrono Boost)  
  195  13:55  Probe (Chrono Boost)  
  198  13:59  Probe (Chrono Boost)  
  198  14:01  Probe (Chrono Boost)  
  199  14:16  Protoss Air Weapons Level 2 (Chrono Boost)  
  199  14:24  Assimilator  
  199  14:25  Shield Battery, Assimilator  
  199  14:28  Pylon  
  199  14:29  Carrier x2 (Chrono Boost)  
  197  14:36  Photon Cannon  
  197  14:38  Photon Cannon  
  197  14:39  Shield Battery  
  197  14:41  Photon Cannon  
  178  15:04  High Templar x3  
  178  15:12  High Templar  
  180  15:15  Archon  
  180  15:16  Archon  
  180  15:19  Carrier (Chrono Boost)  
  174  15:32  High Templar  
  174  15:33  High Templar x3  
  174  15:34  High Templar x2  
  189  15:39  Archon x3  
  187  15:45  Zealot x4  
  135  16:20  Blink (Chrono Boost)  
  135  16:21  Stalker x2  
  135  16:22  High Templar, Zealot x6  
  143  16:35  Protoss Ground Armor Level 2  
  133  16:50  High Templar x3  
  133  16:51  Zealot x4, High Templar  
  133  16:52  Zealot  
  134  17:03  Carrier (Chrono Boost)  
  134  17:04  Carrier x2 (Chrono Boost)  
  140  17:15  Sentry  
  142  17:18  Protoss Air Weapons Level 3  
  142  17:21  Warp Prism  
  144  17:23  Zealot x6  
  144  17:25  Nexus  
  156  17:33  Zealot x2  
  156  17:35  Zealot  
  157  18:01  Nexus  
  175  18:06  Carrier x3 (Chrono Boost)  
  165  18:14  Stalker x3  
  165  18:15  Zealot x7  
  170  18:38  Zealot x6  
  170  18:39  Zealot x4  
  140  18:52  Protoss Shields Level 1 (Chrono Boost)  
  138  19:00  Stalker, High Templar x4  
  138  19:01  Stalker x5  
  152  19:21  Immortal (Chrono Boost)  
  152  19:23  Nexus  
  156  19:24  Sentry  
  156  19:29  High Templar x2  
  160  19:32  Pylon  
  160  19:39  Nexus  
  160  19:44  Archon, High Templar x2  
  164  19:50  Observer (Chrono Boost)  
  164  19:52  Shield Battery  
  165  19:54  Shield Battery  
  165  19:56  Archon, Shield Battery  
  165  19:57  Photon Cannon  
  165  19:59  Carrier (Chrono Boost)  
  169  20:09  Carrier (Chrono Boost)  
  169  20:12  Assimilator  
  175  20:17  Assimilator  
  175  20:28  Carrier (Chrono Boost)  
  179  20:33  Zealot x2  
  179  20:34  Zealot x8  
  189  20:55  Nexus  
  195  21:05  High Templar x2  
  195  21:07  Carrier (Chrono Boost)  
  195  21:09  Photon Cannon, Archon  
  195  21:10  Photon Cannon  
  199  21:12  Pylon  
  197  21:39  High Templar  
  185  21:54  High Templar x3  
  185  21:56  High Templar  
  189  22:02  Immortal (Chrono Boost)  
  191  22:12  Zealot x4  
  197  22:32  Observer  
  192  22:53  High Templar x2  
  192  22:54  High Templar x2  
  192  22:58  Archon x2  
  194  23:18  Anion Pulse-Crystals  
  194  23:25  Zealot x4  
  152  23:53  Zealot x5  
  152  23:54  Stalker x2  
  152  23:55  Stalker x3  
  164  24:30  Stalker x5  
  164  24:31  Stalker x5  
Tags
 
Add a new tag
Caveats
  • Supply blocks, unpowered buildings, or Contaminate may cause inaccurate times.
  • Supply counts are checked every 10 seconds.